 Dungeon Crawl Stone Soup version 0.30-a0-782-ge64f9170bb (webtiles) character file.

Game seed: 9311246889682848953

79 Leeroy the Changer (level 4, -13/28 HPs)
             Began as an Octopode Transmuter on Feb 22, 2023.
             Mangled by a gnoll
             ... wielding a +0 halberd
              (14 damage)
             ... on level 3 of the Dungeon.
             The game lasted 00:02:41 (1921 turns).

Leeroy the Changer (Octopode Transmuter)            Turns: 1921, Time: 00:02:41

Health: -13/28     AC:  1    Str:  9    XL:     4   Next: 37%
Magic:  7/7        EV: 13    Int: 17    God:
Gold:   83         SH:  0    Dex: 12    Spells: 6/7 levels left

rFire   . . .      SeeInvis .    d - +1 short sword (speed)
rCold   . . .      Faith    .    (no shield)
rNeg    . . .      Spirit   .    (helmet restricted)
rPois   .          Reflect  .    (no amulet)
rElec   .          Harm     .    (no ring)
rCorr   .          Rampage  .    (no ring)
Will    .....                    (no ring)
Stlth   ++                       (no ring)
HPRegen 0.24/turn                (no ring)
MPRegen 0.10/turn                (no ring)
                                 (no ring)
                                 (no ring)

@: no status effects
A: almost no armour, amphibious, 8 rings, camouflage 1, gelatinous body 1,
(nimble swimmer 1), tentacles
a: no special abilities


You were on level 3 of the Dungeon.
You visited 1 branch of the dungeon, and saw 3 of its levels.

You collected 83 gold pieces.

Inventory:

Hand Weapons
 d - a +1 short sword of speed (weapon)
Missiles
 c - 5 poisoned darts
Jewellery
 g - an amulet of guardian spirit
 o - a ring of see invisible
Scrolls
 b - 2 scrolls of fear {unknown}
 e - a scroll of poison {unknown}
 f - a scroll of immolation {unknown}
 h - a scroll of fog {unknown}
 i - 3 scrolls of teleportation {unknown}
 l - a scroll of silence {unknown}
 n - 2 scrolls of identify {unknown}
 p - a scroll of amnesia {unknown}
Potions
 a - 2 potions of lignification
 j - a potion of brilliance {unknown}
 k - a potion of flight {unknown}
 m - a potion of cancellation {unknown}


   Skills:
 - Level 1.0 Fighting
 - Level 2.0 Dodging
 - Level 3.0 Unarmed Combat
 - Level 2.0 Spellcasting
 + Level 4.5 Transmutations


You had 6 spell levels left.
You knew the following spells:

 Your Spells              Type           Power      Damage    Failure   Level
a - Beastly Appendage     Tmut           34%        N/A       3%          1

Your spell library contained the following spells:

 Spells                   Type           Power      Damage    Failure   Level
 Wereblood                Tmut           17%        N/A       4%          2
 Slow                     Hex            4%         N/A       19%         1
 Spider Form              Tmut/Pois      9%         N/A       22%         3
 Confusing Touch          Hex            1%         N/A       50%         3
 Vampiric Draining        Necr           1%         2d6       50%         3
 Ice Form                 Ice/Tmut       9%         N/A       58%         4


Dungeon Overview and Level Annotations

Branches:
Dungeon (3/15)

Altars:


Innate Abilities, Weirdness & Mutations

You cannot wear most types of armour.
You are amphibious.
You can wear up to eight rings at the same time.
Your skin changes colour to match your surroundings (Stealth+).
Your rubbery body absorbs attacks. (AC +1, EV +1)
((You are camouflaged when in or above water. (Stealth+)))
You have tentacles for arms and can constrict up to eight enemies at once.


Message History

The jackal bites you. The jackal closely misses you.
You barely miss the jackal.
The jackal is severely wounded.
You constrict the jackal.
You kill the jackal!
The jackal barely misses you.
You hit the jackal. Your grab misses the jackal.
The jackal is severely wounded.
The jackal closely misses you.
You hit the jackal.
You kill the jackal!
No target in view!
No target in view!
No target in view!
No target in view!
HP restored.
p - a scroll labelled IMIRYE WUNUFA You now have 83 gold pieces (gained 7).
n - 2 scrolls labelled HEKLIF AVYET (gained 1)
Found a stone staircase leading down.
A gnoll is nearby!
A gnoll is nearby!
A gnoll is nearby!
Found a grey potion.
The gnoll shouts!
The gnoll hits you from afar with a +0 halberd!
The gnoll hits you with a +0 halberd!
Ouch! That really hurt!
* * * LOW HITPOINT WARNING * * *
You are too injured to fight recklessly!
You are too injured to fight recklessly!
You are too injured to fight recklessly!
You are too injured to fight recklessly!
You are too injured to fight recklessly!
You hit the gnoll. You grab the gnoll. You squeeze the gnoll!
The gnoll is almost dead.
You constrict the gnoll, but do no damage.
The gnoll hits you with a +0 halberd!
Ouch! That really hurt!
You die...

#.................#
..................#
..>...............#
.##..#.#........##
#..#..##......## #
#..#.##########
#.#.......##
#..........##
#....@......#
#......g........
##............##
#### #...........##
...## #.#........##
....##
...#..##.####
.....# ..! ... ..
.....##.# .#.. ..
........#


You could see a gnoll.

Vanquished Creatures
  Jessica (D:2)
  A gnoll (D:3)
  An adder (D:2)
  2 dart slugs (D:2)
  An orc (D:2)
  5 endoplasms
  2 giant cockroaches (D:2)
  4 hobgoblins
  2 jackals (D:3)
  2 bats (D:2)
  4 frilled lizards
  3 goblins
  A kobold (D:1)
  A rat (D:3)
30 creatures vanquished.

Notes
Turn   | Place    | Note
-------+----------+-------------------------------------------
     0 | D:1      | Leeroy the Octopode Transmuter began the quest for the Orb.
     0 | D:1      | Reached XP level 1. HP: 13/13 MP: 3/3
   778 | D:1      | Found a faded altar of an unknown god.
   959 | D:2      | Reached XP level 2. HP: 18/18 MP: 5/5
  1045 | D:2      | Reached skill level 3 in Transmutations
  1144 | D:2      | Reached XP level 3. HP: 19/23 MP: 6/6
  1556 | D:2      | Noticed Jessica
  1564 | D:2      | Killed Jessica
  1565 | D:2      | Reached skill level 4 in Transmutations
  1565 | D:2      | Reached XP level 4. HP: 6/28 MP: 7/7
  1920 | D:3      | HP: 1/28 [gnoll/+0 halberd (17)]
  1921 | D:3      | Mangled by a gnoll

Illustrated notes

Levels and vault maps discovered:
D:1:      dpeg_arrival_connections, layout_basic,
          dilly_ecumenical_altar_fadedgnrine
D:2:      layout_loops_ring, hangedman_abyss_or_decor_stabs, uniq_jessica
D:3:      layout_rooms, minmay_misc_feat_alley

Skill      XL: |  1  2  3 |
---------------+----------+-----
Transmutations | 3 4 |  4.5
Fighting       | |  1.0
Dodging        | |  2.0
Unarmed Combat | |  3.0
Spellcasting   | |  2.0

Action                     |  1- 3 |  4- 6 || total
---------------------------+-------+-------++-------
  Melee: Short sword       |    45 |    16 ||    61
         Constrict         |    10 |     4 ||    14
         Tentacles         |    11 |     2 ||    13
         Unarmed           |     2 |       ||     2
         Punch             |     2 |       ||     2
   Stab: Sleeping          |     9 |       ||     9
 Armour: Skin              |     1 |       ||     1
  Dodge: Dodged            |    15 |    13 ||    28

Table legend: (Time is in decaauts)
 A = Elapsed time spent in this place.
 B = Non-inter-level travel time spent in this place.
 C = Inter-level travel time spent in this place.
 D = Time resting spent in this place.
 E = Time spent auto-exploring this place.
 F = Levels seen in this place.
 G = Mean time per level.
                   A        B        C        D        E       F      G
               +--------+--------+--------+--------+--------+-----+--------+
         Total |   1895 |   1829 |     66 |      0 |   1576 |   3 |  631.7 |
       Dungeon |   1895 |   1829 |     66 |      0 |   1576 |   3 |  631.7 |
               +--------+--------+--------+--------+--------+-----+--------+

Top non-repeatable levels by time:
     D:1: 943 daAuts
     D:2: 799 daAuts
     D:3: 152 daAuts
